 Dungeon Crawl Stone Soup version 0.23-a0-636-g0ff6057 (webtiles) character file.

3221 Ereth the Basher (level 9, 0/133 HPs)
             Began as a Troll Berserker on Dec 28, 2018.
             Was a High Priest of Trog.
             Slain by a blink frog (13 damage)
             ... on level 1 of the Lair of Beasts.
             The game lasted 00:20:09 (5882 turns).

Ereth the Basher (Troll Berserker)                  Turns: 5882, Time: 00:20:09

Health: 0/133      AC:  7    Str: 32    XL:     9   Next: 66%
Magic:  8/8        EV: 12    Int:  4    God:    Trog [*****.]
Gold:   341        SH:  0    Dex: 11    Spells: 8/8 levels left

rFire    . . .     SeeInvis .   a - +1 mace
rCold    . . .     Gourm    +   (no shield)
rNeg     . . .     Faith    .   w - +1 robe
rPois    .         Spirit   .   (helmet restricted)
rElec    .         Reflect  .   N - +0 cloak
rCorr    .         Harm     .   (gloves unavailable)
MR       .....                  (boots unavailable)
Stlth    ..........             (no amulet)
HPRegen  0.72/turn              i - ring of stealth
MPRegen  0.11/turn              (no ring)

@: berserking, very quick
A: large, unfitting armour, claws 3, fast metabolism 3, gourmand, regeneration
1, shaggy fur 1, tough skin 2
a: Berserk, Trog's Hand, Brothers in Arms, Renounce Religion


You were on level 1 of the Lair of Beasts.
You worshipped Trog.
Trog was extremely pleased with you.
You were not hungry.

You visited 3 branches of the dungeon, and saw 10 of its levels.

You collected 341 gold pieces.

Inventory:

Hand Weapons
 a - a +1 mace (weapon)
 r - a +2 whip of venom
 y - a +0 battleaxe
 B - a +0 shortbow
 I - a +0 scythe
 J - a +4 flail of crushing
 M - a cursed +0 war axe
Missiles
 e - 127 arrows
 f - 68 sling bullets
 j - 15 poisoned needles
 o - 12 bolts
 u - 8 javelins
 v - 8 tomahawks (quivered)
 L - a throwing net
Armour
 b - a +0 animal skin
 w - a +1 robe (worn)
 N - a +0 cloak (worn)
Magical Staves
 t - a cursed staff of cold
Jewellery
 g - an uncursed amulet of inaccuracy
 i - a ring of stealth (left claw)
Wands
 q - a wand of iceblast (13)
 s - a wand of paralysis (5)
 E - a wand of acid (8)
 F - a wand of flame (27)
 G - a wand of enslavement (7)
 K - a wand of random effects (15)
Scrolls
 d - 8 scrolls of remove curse
 m - 2 scrolls of teleportation
 p - 2 scrolls of enchant weapon
 x - a scroll of magic mapping
Potions
 h - 2 potions of curing
 k - 2 potions of lignification
 l - a potion of mutation
 n - a potion of degeneration
 z - 2 potions of agility
 A - 2 potions of heal wounds
 D - a potion of magic {unknown}
 H - a potion of ambrosia {unknown}
Comestibles
 c - 8 rations


   Skills:
 + Level 5.8 Fighting
 + Level 8.9 Maces & Flails
 + Level 2.9 Throwing
 + Level 5.6 Dodging
 + Level 1.9 Stealth


You had 8 spell levels left.
You didn't know any spells.
Your spell library was empty.

Dungeon Overview and Level Annotations

Branches:
Dungeon (8/15)             Temple (1/1) D:7            Lair (1/6) D:8

Altars:
Ashenzari
Cheibriados
Dithmenos
Fedhas
Gozag
Hepliaklqana
Makhleb
Nemelex Xobeh
Okawaru
Ru
Sif Muna
Trog
Vehumet
Wu Jian
Xom
Yredelemnul
Zin
The Shining One


Innate Abilities, Weirdness & Mutations

You are too large for most types of armour.
You have claws for hands.
Your metabolism is lightning-fast.
You like to eat raw meat.
Your natural rate of healing is unusually fast.
You are covered in fur. (AC +1)
You have very tough skin. (AC +2)


Message History

You sock the blink frog!
You kill the blink frog!
Trog accepts your kill. The blink frog barely misses you.
The blink frog blinks!
You sock the blink frog!
The blink frog is severely wounded.
The blink frog hits you!
* * * LOW HITPOINT WARNING * * *
You thump the blink frog!
You feel the power of Trog in you as your rage grows.
You kill the blink frog!
Trog accepts your kill.
You hit the blink frog.
The blink frog is lightly wounded.
The blink frog hits you.
* * * LOW HITPOINT WARNING * * *
You sock the blink frog!
The blink frog is heavily wounded.
The blink frog hits you!
You die...

#. #. #.
#.####
#(...#
#.!..##
#.@†.##
##F†..###
##.F...#
##<...#
##...#
#....#
#....#
#.#.. ##
.


You could see 2 blink frogs.

Vanquished Creatures
  Pikel (D:6)
  2 blink frogs (Lair:1)
  Prince Ribbit (D:6)
  A hippogriff (D:8)
  Edmund (D:6)
  2 sky beasts
  3 ogres
  A phantom (D:7)
  A centaur (D:7)
  A water moccasin skeleton (D:5)
  2 scorpions
  A howler monkey (D:5)
  2 bullfrog zombies
  A crimson imp (D:3)
  A jelly (D:8)
  3 orc priests
  A quasit (D:7)
  7 orc wizards
  2 bullfrog skeletons
  A gnoll shaman (D:6)
  4 worker ants
  3 hound skeletons
  A hound zombie (D:5)
  2 worker ant zombies (D:5)
  7 gnolls (D:6)
  A howler monkey skeleton (D:7)
  12 adders
  4 shadow imps
  An ooze (D:1)
  3 adder skeletons
  4 worms
  2 dart slugs
  4 leopard geckos
  23 orcs
  9 giant cockroaches
  6 goblins
  8 hobgoblins
  4 jackals
  3 quokkas
  7 bats
  5 frilled lizards
  A giant cockroach zombie (D:6)
  8 kobolds
  9 rats
166 creatures vanquished.

Vanquished Creatures (others)
  Sigmund (D:6)
  2 slaves (D:6)
  An orc wizard (D:6)
  An orc (D:6)
  A jackal (D:6)
6 creatures vanquished.

Grand Total: 172 creatures vanquished

Notes
Turn   | Place    | Note
-------+----------+-------------------------------------------
     0 | D:1      | Ereth the Troll Berserker began the quest for the Orb.
     0 | D:1      | Reached XP level 1. HP: 22/22 MP: 0/0
    95 | D:1      | Reached XP level 2. HP: 29/29 MP: 1/1
   243 | D:1      | Reached skill level 3 in Maces & Flails
   400 | D:1      | Reached ** piety under Trog
   669 | D:1      | Reached XP level 3. HP: 36/36 MP: 2/2
  1135 | D:2      | Found a faded altar of an unknown god.
  1490 | D:2      | Found a shimmering altar of Xom.
  1674 | D:3      | Reached XP level 4. HP: 45/45 MP: 3/3
  1817 | D:3      | Reached *** piety under Trog
  1817 | D:3      | Reached XP level 5. HP: 43/53 MP: 4/4
  1824 | D:3      | Reached skill level 4 in Maces & Flails
  2215 | D:3      | Found a deep blue altar of Sif Muna.
  2491 | D:4      | Found a shattered altar of Ashenzari.
  2532 | D:4      | Reached XP level 6. HP: 60/61 MP: 5/5
  2533 | D:4      | You fall through a shaft!
  2533 | D:5      | Entered Level 5 of the Dungeon
  2538 | D:5      | Noticed a sky beast
  2550 | D:5      | Killed a sky beast
  2552 | D:5      | Noticed a yak
  2766 | D:5      | Reached skill level 5 in Maces & Flails
  3043 | D:5      | Reached XP level 7. HP: 68/68 MP: 6/6
  3177 | D:5      | Reached **** piety under Trog
  3572 | D:5      | Reached skill level 6 in Maces & Flails
  3710 | D:6      | Noticed Prince Ribbit
  3735 | D:6      | Killed Prince Ribbit
  3735 | D:6      | Reached skill level 1 in Stealth
  3787 | D:6      | Reached XP level 8. HP: 79/79 MP: 7/7
  3983 | D:6      | Found a sand-covered staircase.
  4049 | D:6      | Noticed Pikel
  4056 | D:6      | Noticed Sigmund
  4061 | D:6      | Killed Pikel
  4061 | D:6      | Reached skill level 5 in Fighting
  4061 | D:6      | Reached skill level 7 in Maces & Flails
  4079 | D:6      | Killed Sigmund
  4079 | D:6      | Reached skill level 5 in Dodging
  4231 | D:6      | Noticed Edmund
  4249 | D:6      | Killed Edmund
  4249 | D:6      | Reached XP level 9. HP: 62/88 MP: 8/8
  4405 | D:6      | Reached skill level 8 in Maces & Flails
  4704 | D:6      | Found a shadowy altar of Dithmenos.
  5012 | D:7      | Found a staircase to the Ecumenical Temple.
  5029 | Temple   | Entered the Ecumenical Temple
  5166 | D:7      | Found a glowing silver altar of Zin.
  5166 | D:7      | Found a basalt altar of Yredelemnul.
  5169 | D:7      | Found a glowing golden altar of the Shining One.
  5208 | D:7      | Reached skill level 1 in Throwing
  5276 | D:7      | Found an opulent altar of Gozag.
  5758 | D:8      | Reached ***** piety under Trog
  5841 | D:8      | Found a staircase to the Lair.
  5860 | Lair:1   | Entered Level 1 of the Lair of Beasts
  5882 | Lair:1   | Slain by a blink frog

Vault maps used:
D:1:      onia_arrival_larder, eino_curves_02
D:2:      marbit_many_paths, chequers_ecumenical_altar_simple,
          kennysheep_generic_room_12
D:3:      led_sif_pool
D:4:      nicolae_overflow_hidden_temple, nicolae_ashenzari_panopticon,
          kennysheep_vampire_church, first_ration, hex_tiny, lemuel_angel_altar,
          uniq_eustachio, uniq_grinder
D:5:      lightli_corner_chamber
D:6:      lemuel_doored_altar, nicolae_ossuary_entry_false_entrances,
          uniq_sigmund, uniq_edmund, uniq_pikel, uniq_prince_ribbit1
D:7:      nicolae_gozag_cash_rules_everything_around_me,
          grunt_temple_overflow_open, minmay_temple_entry_mist
D:8:      lemuel_insect_pit, kennysheep_mini, lair_entry_dummy, the_bakery,
          hangedman_misty_isle, uniq_gastronok, uniq_joseph
Temple:   zaba_magenta_temple
Lair:1:   lemuel_ratsnest

Skill      XL: |  1  2  3  4  5  6  7  8  9 |
---------------+----------------------------+-----
Maces & Flails | 3 4 5 6 7 8 |  8.9
Dodging        | 3 4 5 |  5.6
Fighting       | 3 4 5 |  5.8
Stealth        | 1 |  1.9
Throwing       | 2 |  2.9

Action                   |  1- 3 |  4- 6 |  7- 9 || total
-------------------------+-------+-------+-------++-------
Melee: Mace              |   154 |   200 |   279 ||   633
Throw: Tomahawk          |    13 |    13 |    27 ||    53
       Javelin           |       |       |     2 ||     2
Invok: Berserk           |       |     3 |     8 ||    11
       Trog's Hand       |       |       |     1 ||     1
  Use: Scroll            |       |    11 |     6 ||    17
 Stab: Sleeping          |     3 |       |     2 ||     5
  Eat: Chunk             |    17 |    20 |    28 ||    65
       Ration            |       |       |     1 ||     1
Armor: Animal skin       |    85 |    30 |       ||   115
       Robe              |       |    54 |   104 ||   158
Dodge: Dodged            |   118 |   142 |   187 ||   447

Table legend:
 A = Non-vault XP
 B = Vault XP
 C = Vault XP percentage of total XP
 D = Non-vault monster count
 E = Vault monster count
 F = Vault count percentage of total count
                 A         B        C        D         E       F
            +---------+---------+-------+---------+---------+-------
      Total |    3421 |    1181 |  25.7 |     151 |      16 |   9.6
            +---------+---------+-------+---------+---------+-------
        D:1 |      36 |      16 |  30.8 |      19 |      11 |  36.7
        D:2 |      34 |       2 |   5.6 |      13 |       1 |   7.1
        D:3 |     205 |       0 |   0.0 |      29 |       0 |   0.0
        D:4 |      88 |       0 |   0.0 |       5 |       0 |   0.0
        D:5 |     766 |       0 |   0.0 |      27 |       0 |   0.0
        D:6 |     583 |    1163 |  66.6 |      33 |       4 |  10.8
        D:7 |     832 |       0 |   0.0 |      17 |       0 |   0.0
        D:8 |     329 |       0 |   0.0 |       6 |       0 |   0.0
     Lair:1 |     548 |       0 |   0.0 |       2 |       0 |   0.0
            +---------+---------+-------+---------+---------+-------
